 Dungeon Crawl Stone Soup version 0.25.1-2-g60ff931df9 (webtiles) character file.

Game seed: 5213904292284739250

284 grosnain174 the Changer (level 6, -1/38 HPs)
             Began as an Octopode Transmuter on Aug 21, 2020.
             Killed from afar by an orc wizard (4 damage)
             ... with a magic dart
             ... on level 4 of the Dungeon.
             The game lasted 00:08:47 (4271 turns).

grosnain174 the Changer (Octopode Transmuter)       Turns: 4271, Time: 00:08:48

Health: -1/38      AC: 10    Str:  9    XL:     6   Next: 29%
Magic:  10/10      EV: 13    Int: 17    God:
Gold:   139        SH:  0    Dex: 13    Spells: 5/11 levels left

rFire    . . .     SeeInvis .   b - +2 rapier (protect)
rCold    . . .     Gourm    .   (no shield)
rNeg     . . .     Faith    .   (helmet restricted)
rPois    .         Spirit   .   (no amulet)
rElec    .         Reflect  .   (no ring)
rCorr    .         Harm     .   (no ring)
MR       .....                  (no ring)
Stlth    +++.......             (no ring)
HPRegen  0.12/turn              (no ring)
MPRegen  0.12/turn              (no ring)
                                (no ring)
                                (no ring)

@: lethally poisoned (-1 -> -12), appendage (expiring), protection aura
A: almost no armour, stealthy swim, amphibious, 8 rings, constrict 8, antennae
2, tentacle spike 3, yellow scales 1, camouflage 1, gelatinous body 1
a: End Transformation


You were on level 4 of the Dungeon.
You were not hungry.
One of your tentacles had a temporary spike.
You visited 1 branch of the dungeon, and saw 4 of its levels.

You collected 139 gold pieces.

Inventory:

Hand Weapons
 b - a +2 rapier of protection (weapon)
Missiles
 a - 17 arrows
Jewellery
 d - an uncursed amulet of faith
 n - an uncursed ring of teleportation
Scrolls
 e - 5 scrolls of identify
 f - a scroll of immolation
 h - a scroll of remove curse
 i - 2 scrolls of fog {unknown}
 j - a scroll of teleportation {unknown}
 k - a scroll of magic mapping {unknown}
 q - a scroll of amnesia {unknown}
 r - a scroll of noise {unknown}
 s - a scroll of fear {unknown}
Potions
 l - a potion of stabbing {unknown}
 m - a potion of brilliance {unknown}
 o - a potion of invisibility {unknown}
Comestibles
 c - 3 rations
 p - 3 chunks of flesh


   Skills:
 + Level 1.6 Fighting
 - Level 1.4 Short Blades
 - Level 2.0 Dodging
 + Level 3.5 Stealth
 - Level 3.0 Unarmed Combat
 + Level 3.1 Spellcasting
 * Level 4.1 Transmutations
 * Level 1.9 Poison Magic


You had 5 spell levels left.
You knew the following spells:

 Your Spells              Type           Power        Failure   Level  Hunger
a - Beastly Appendage     Tmut           ###...       3%          1    None
b - Sticks to Snakes      Tmut           ###.....     4%          2    ##.....
c - Spider Form           Tmut/Pois      ##........   14%         3    ###....

Your spell library contained the following spells:

 Spells                   Type           Power        Failure   Level  Hunger
 Ice Form                 Ice/Tmut       #.......     58%         4    ####...
 Blade Hands              Tmut           ###.......   65%         5    ######.


Dungeon Overview and Level Annotations

Branches:
Dungeon (4/15)
 Temple: D:4-7

Altars:
Fedhas
Okawaru
Trog
Yredelemnul

Annotations:
D:2 Terence


Innate Abilities, Weirdness & Mutations

You cannot wear most types of armour.
You are very stealthy in the water. (Stealth+)
You are amphibious.
You can wear up to eight rings at the same time.
You can use your tentacles to constrict eight enemies at once.
Your skin changes colour to match your surroundings (Stealth+).
Your rubbery body absorbs attacks. (AC +1, EV +1)
You have a pair of antennae on your head.
One of your tentacles bears a large vicious spike.
You are partially covered in yellow scales. (AC +2)


Message History

You puncture something!
Your tentacle spike misses something.
* * * LOW HITPOINT WARNING * * *
You feel sick. Something hits you.
* * * LOW HITPOINT WARNING * * *
You hit something. Your squeeze misses something.
Your transformation is almost over.
* * * LOW HITPOINT WARNING * * *
You feel sick.
You hear some strange, mumbled words.
Something tries to affect you, but you resist.
It was a potion of mutation.
You feel extremely strange. A pair of antennae grows on your head!
The antennae on your head grow some more.
Yellow scales grow over part of your body.
* * * LOW HITPOINT WARNING * * *
You feel sick.
You hear some strange, mumbled words.
A magic dart appears from out of thin air!
The magic dart hits you.
You die...

#..................##...#
...........#..)...# #..#
#........##.....###...
##....#..#.......##...
###.............#....
###.....###........
##......#..#......
#.).......##......
#@.......####.....
......{)#....... ##.#...
#.......>#......##..##).
##......####.........#..
##..#### ...##..#.###.
.... .#...##..#) .##.
##......() ## #....##.#
#.......#


There were no monsters in sight!

Vanquished Creatures
  An ogre (D:4)
  An orc wizard (D:4)
  2 worker ants (D:4)
  4 adders
  3 gnolls
  3 worms
  2 dart slugs
  3 leopard geckos
  10 orcs
  3 ball pythons
  4 bats (D:1)
  2 giant cockroaches
  4 goblins
  8 hobgoblins
  4 kobolds
  3 frilled lizards
  5 rats
  A plant (D:3)
63 creatures vanquished.

Notes
Turn   | Place    | Note
-------+----------+-------------------------------------------
     0 | D:1      | grosnain174 the Octopode Transmuter began the quest for the
                  | Orb.
     0 | D:1      | Reached XP level 1. HP: 13/13 MP: 3/3
   138 | D:1      | Reached XP level 2. HP: 18/18 MP: 3/5
   158 | D:1      | Learned a level 2 spell: Sticks to Snakes
   440 | D:1      | Reached skill level 1 in Stealth
   905 | D:1      | Reached XP level 3. HP: 9/23 MP: 4/6
  1285 | D:2      | Noticed Terence
  1590 | D:1      | Reached skill level 3 in Transmutations
  1601 | D:1      | Reached XP level 4. HP: 26/28 MP: 6/8
  1610 | D:1      | Learned a level 3 spell: Spider Form
  2446 | D:2      | Found an iron altar of Okawaru.
  2575 | D:2      | Found a basalt altar of Yredelemnul.
  2575 | D:2      | Found a blossoming altar of Fedhas.
  2762 | D:3      | Found a bloodstained altar of Trog.
  3938 | D:4      | Reached XP level 5. HP: 33/33 MP: 7/9
  3974 | D:4      | Reached skill level 1 in Poison Magic
  4121 | D:4      | Noticed an ogre
  4137 | D:4      | Reached skill level 1 in Short Blades
  4146 | D:4      | Killed an ogre
  4146 | D:4      | Reached skill level 4 in Transmutations
  4146 | D:4      | Reached XP level 6. HP: 34/38 MP: 2/10
  4271 | D:4      | Gained mutation: You have a pair of small antennae on your
                  | head. [potion of mutation]
  4271 | D:4      | Gained mutation: You have a pair of antennae on your head.
                  | [potion of mutation]
  4271 | D:4      | Gained mutation: You are partially covered in yellow
                  | scales. (AC +2) [potion of mutation]
  4271 | D:4      | Killed from afar by an orc wizard

Illustrated notes

Levels and vault maps discovered:
D:1:      dpeg_arrival_arbitrary_a, layout_basic
D:2:      layout_rooms, amethyst_overflow_temple_binary, lemuel_crystal_altar,
          uniq_terence
D:3:      kb_forest_paths, layout_loops_ring, nicolae_overflow_crystal_walls,
          first_ration, serial_bayou_ford_a
D:4:      layout_cave_pools, glass_columns_c, minivault_23

Skill      XL: |  1  2  3  4  5 |
---------------+----------------+-----
Stealth        | 1 2 3 |  3.5
Transmutations | 3 4 |  4.1
Poison Magic   | 1 |  1.9
Spellcasting   | 3 |  3.1
Short Blades   | 1 |  1.4
Fighting       | |  1.6
Dodging        | |  2.0
Unarmed Combat | |  3.0

Action                   |  1- 3 |  4- 6 || total
-------------------------+-------+-------++-------
Melee: Unarmed           |    56 |    28 ||    84
       Constrict         |    20 |    16 ||    36
       Kick              |     9 |    10 ||    19
       Tentacles         |     9 |    13 ||    22
       Punch             |     2 |     3 ||     5
       Rapier            |       |    69 ||    69
 Cast: Beastly Appendage |     8 |     6 ||    14
       Sticks to Snakes  |       |    16 ||    16
       Spider Form       |       |     1 ||     1
  Use: Potion            |     1 |     1 ||     2
       Scroll            |       |     2 ||     2
 Stab: Sleeping          |     7 |     7 ||    14
  Eat: Chunk             |     2 |     6 ||     8
       Ration            |       |     1 ||     1
Armor: Skin              |     3 |    10 ||    13
Dodge: Dodged            |    46 |    51 ||    97
